 Dungeon Crawl Stone Soup version 0.28-a0-850-g09de17f5b5 (webtiles) character file.

Game seed: 17527645382914537029

102 bande the Covered (level 4, 0/29 HPs)
             Began as a Gargoyle Fighter on Nov 13, 2021.
             Slain by a worm (7 damage)
             ... on level 2 of the Dungeon.
             The game lasted 00:02:14 (2303 turns).

bande the Covered (Gargoyle Fighter)                Turns: 2303, Time: 00:02:14

Health: 0/29       AC: 10    Str: 20    XL:     4   Next: 78%
Magic:  4/4        EV:  9    Int:  9    God:
Gold:   59         SH:  4    Dex:  9    Spells: 3/3 levels left

rFire   . . .      SeeInvis .   a - +1 war axe
rCold   . . .      Faith    .   c - +0 buckler
rNeg    + . .      Spirit   .   b - +0 scale mail
rPois   ∞          Reflect  .   (no helmet)
rElec   +          Harm     .   (no cloak)
rCorr   .          Rampage  .   (no gloves)
Will    .....                   (no boots)
Stlth   ..........              (no amulet)
HPRegen 0.09/turn               (no ring)
MPRegen 0.09/turn               (no ring)

@: no status effects
A: sickness immunity, AC +3, negative energy resistance 1, electricity
resistance, torment resistance 1, petrification resistance
a: no special abilities


You were on level 2 of the Dungeon.
You visited 1 branch of the dungeon, and saw 2 of its levels.

You collected 59 gold pieces.

Inventory:

Hand Weapons
 a - a +1 war axe (weapon)
Armour
 b - a +0 scale mail (worn)
 c - a +0 buckler (worn)
Scrolls
 e - a scroll of teleportation {unknown}
Potions
 d - a potion of might
 f - a potion of heal wounds
 g - 2 potions of cancellation {unknown}
 h - a potion of degeneration {unknown}
 i - a potion of lignification {unknown}
 j - a potion of brilliance {unknown}


   Skills:
 + Level 3.9 Fighting
 + Level 3.0 Axes
 + Level 4.2 Armour
 - Level 0.1 Stealth
 + Level 3.6 Shields


You had 3 spell levels left.
You didn't know any spells.
Your spell library contained the following spells:

 Spells                   Type           Power      Damage    Failure   Level
 Freeze                   Ice            0%         1d3       75%         1
 Sandblast                Erth           0%         2d4       75%         1
 Passwall                 Tmut/Erth      0%         N/A       87%         2
 Stone Arrow              Conj/Erth      0%         3d7       98%         3


Dungeon Overview and Level Annotations

Branches:
Dungeon (2/15)

Altars:
Dithmenos

Annotations:
D:2 Robin


Innate Abilities, Weirdness & Mutations

You are immune to sickness and miasma.
Your stone body is resilient. (AC +3)
You are immune to poison.
You resist negative energy. (rN+)
You are resistant to electric shocks. (rElec)
You are resistant to unholy torment.
You are immune to petrification.


Message History

You hit the goblin.
You kill the goblin!
You slash the goblin!
You kill the goblin!
You barely miss the goblin. You hit the goblin.
You kill the goblin!
You hit the goblin. The goblin barely misses you.
Robin says, "My army is invincible!"
Robin barely misses you.
The goblin hits you but does no damage. x2
Robin hits you but does no damage.
Your Axes skill increases to level 3!
You hit Robin.
Robin is heavily wounded.
You barely miss the goblin. You slash the goblin!
You kill the goblin!
The goblin closely misses you. Robin barely misses you.
The goblin barely misses you.
Unknown command.
You hit Robin but do no damage.
Robin is heavily wounded.
You hit the goblin. Robin hits you with a +0 short sword.
The goblin hits you but does no damage.
Unknown command.
You closely miss Robin.
Robin is heavily wounded.
You barely miss the goblin. Robin hits you with a +0 short sword.
The goblin closely misses you. Robin closely misses you.
Unknown command.
You closely miss Robin.
Robin is heavily wounded.
You miss the goblin. The goblin hits you with a +0 dagger.
Robin hits you with a +0 short sword.
* * * LOW HITPOINT WARNING * * *
The goblin closely misses you.
Unknown command.
You barely miss Robin.
Robin is heavily wounded.
You barely miss the worm. You closely miss the goblin.
Robin closely misses you. You block the goblin's attack. The worm bites you!
You die...

#.## #.#
#####..#####.#
.............# .
######.####..#
.. #.#
#..########...
#.#
#..##..<......
#.#
#..##.........
#.#
##...#).).....#
#.#
#....)g@g.....#
.#.
##.#.#).w......
#..##........#
#... #.........
#.#.. ..........
##.#.###.#.#.##.
##.# #.....# #
#.#!...


You could see a worm, Robin and a goblin (strong).

Vanquished Creatures
  Jessica (D:2)
  Terence (D:2)
  A worm (D:2)
  A dart slug (D:1)
  2 endoplasms (D:1)
  11 goblins
  7 hobgoblins
  4 kobolds (D:1)
  A quokka (D:1)
  5 ball pythons
  5 bats
  2 frilled lizards
  3 rats
44 creatures vanquished.

Notes
Turn   | Place    | Note
-------+----------+-------------------------------------------
     0 | D:1      | bande the Gargoyle Fighter began the quest for the Orb.
     0 | D:1      | Reached XP level 1. HP: 14/14 MP: 1/1
    74 | D:1      | Reached XP level 2. HP: 8/19 MP: 2/2
  1284 | D:1      | Reached XP level 3. HP: 20/23 MP: 3/3
  1638 | D:1      | Found a faded altar of an unknown god.
  1651 | D:1      | Got Plato's Guide on Cold
  1912 | D:2      | Noticed Terence
  1912 | D:2      | Noticed Jessica
  1924 | D:2      | Killed Terence
  1925 | D:2      | Reached skill level 4 in Armour
  1925 | D:2      | Reached XP level 4. HP: 18/29 MP: 4/4
  1926 | D:2      | Killed Jessica
  2232 | D:2      | Found a shadowy altar of Dithmenos.
  2290 | D:2      | Noticed Robin
  2303 | D:2      | Slain by a worm

Illustrated notes

Levels and vault maps discovered:
D:1:      elethiomel_arrival_quiet, layout_basic,
          shapermc_ecumenical_altar_rom_forum
D:2:      layout_loops_ring, basic_altar, uniq_robin, uniq_terence, uniq_jessica

Skill      XL: |  1  2  3  4 |
---------------+-------------+-----
Axes           | 2 3 |  3.0
Armour         | 4 |  4.2
Fighting       | |  3.9
Stealth        | |  0.1
Shields        | |  3.6

Action                   |  1- 3 |  4- 6 || total
-------------------------+-------+-------++-------
Melee: War axe           |    94 |    23 ||   117
  Use: Scroll            |       |     4 ||     4
Armor: Scale mail        |    46 |    28 ||    74
Dodge: Dodged            |    47 |    34 ||    81
Block: Buckler           |    20 |     8 ||    28

Table legend: (Time is in decaauts)
 A = Elapsed time spent in this place.
 B = Non-inter-level travel time spent in this place.
 C = Inter-level travel time spent in this place.
 D = Time resting spent in this place.
 E = Time spent auto-exploring this place.
 F = Levels seen in this place.
 G = Mean time per level.
                   A        B        C        D        E       F      G
               +--------+--------+--------+--------+--------+-----+--------+
         Total |   2348 |   2329 |     19 |   1055 |    990 |   2 | 1174.0 |
       Dungeon |   2348 |   2329 |     19 |   1055 |    990 |   2 | 1174.0 |
               +--------+--------+--------+--------+--------+-----+--------+

Top non-repeatable levels by time:
     D:1: 1799 daAuts
     D:2: 549 daAuts
